 Dungeon Crawl Stone Soup version 0.18.1-50-g88ac8fd (webtiles) character file.

245 Gargoyl the Skirmisher (level 5, -1/42 HPs)
             Began as a Demonspawn Abyssal Knight on Oct 1, 2016.
             Was a Priest of Lugonu.
             Slain by a gnoll
             ... wielding a cursed -3 spear
              (5 damage)
             ... on level 4 of the Dungeon.
             The game lasted 00:05:05 (1827 turns).

Gargoyl the Skirmisher (Demonspawn Abyssal Knight)  Turns: 1827, Time: 00:05:06

Health: -1/42      AC:  6    Str: 13    XL:     5   Next: 83%
Magic:  7/7        EV:  4    Int: 18    God:    Lugonu [***...]
Gold:   166        SH:  0    Dex: 13    Spells: 0 memorised, 4 levels left

rFire  . . .     SeeInvis .     a - +1 hand axe
rCold  . . .     Gourm    .     g - +0 scale mail
rNeg   + . .     Faith    .     (no shield)
rPois  .         Spirit   .     (no helmet)
rElec  .         Dismiss  .     (no cloak)
rCorr  .         Reflect  .     (no gloves)
SustAt .         Harm     .     (no boots)
MR     .....                    (no amulet)
Stlth  ..........               (no ring)
                                h - ring of positive energy

@: brilliant, flying, drained, not resistant to hostile enchantments, extremely
unstealthy
A: hooves 1, powered by death 1, spiny 1
a: Depart the Abyss, Bend Space, Banish, Renounce Religion


You were on level 4 of the Dungeon.
You worshipped Lugonu.
Lugonu was most pleased with you.
You were not hungry.

You visited 1 branch of the dungeon, and saw 4 of its levels.
You visited the Abyss 1 time.

You collected 166 gold pieces.

Inventory:

Hand Weapons
 a - a +1 hand axe (weapon)
Missiles
 j - 13 tomahawks (quivered)
Armour
 g - a +0 scale mail (worn)
Jewellery
 h - a ring of positive energy (left hand)
 m - a +1 ring of protection {unknown}
 n - a +3 ring of protection {unknown}
 q - an uncursed amulet of faith {unknown}
Scrolls
 l - a scroll of recharging
Potions
 d - a potion of flight
 p - a potion of brilliance
Comestibles
 b - 6 chunks of flesh
 c - 4 bread rations
 f - 3 fruits
 i - 3 meat rations
 k - a beef jerky
 o - a slice of pizza


   Skills:
 + Level 4.2(3.9) Fighting
 + Level 2.4(2.1) Axes
 * Level 3.9(3.6) Armour
 + Level 1.5(1.2) Dodging
 * Level 3.6(3.4) Invocations


You had 4 spell levels left.
You didn't know any spells.

Dungeon Overview and Level Annotations

Branches:
Dungeon (4/15)
 Temple: D:4-7

Altars:
Ashenzari


Innate Abilities, Weirdness & Mutations

You have large cloven feet.
You regenerate a little health from kills.
You are partially covered in sharp spines.


Message History

The gnoll hits you but does no damage. The gnoll is struck by your spines.
The gnoll closely misses you. The gnoll hits you but does no damage.
The gnoll hits you from afar with a halberd.
* * * LOW HITPOINT WARNING * * *
You reach down and open the door.
The gnoll hits you but does no damage.
The gnoll hits you from afar with a halberd.
* * * LOW HITPOINT WARNING * * *
The gnoll hits you from afar with an enchanted spear.
* * * LOW HITPOINT WARNING * * *
Unknown command.
There is an open door here.
You reach down and open the door.
Found an escape hatch in the floor.
There is an open door here.
Found a sapphire potion.
A giant gecko comes into view.
There is an escape hatch in the floor here.
The gnoll hits you from afar with an enchanted spear.
You die...

#########
#.......#########
#.......##...§§§#
#.......##...§§§#
#.......##...§§§#
#.......##.....§#
#######.......##......##
.......@.l....##......+.
.........#######......#.
.........gg.gg.'......'.
.........#######......#.
.........! ?....###.
........... ####### #.
######...... #. #......#
#. #......# #.


You could see 2 gnolls and a giant gecko.

Vanquished Creatures
  A scorpion (D:3)
  An orc priest (D:4)
  6 adders
  An ooze (D:2)
  3 worms
  2 dart slugs
  A giant gecko (D:2)
  9 orcs
  5 giant cockroaches
  9 goblins
  4 hobgoblins
  12 jackals
  4 kobolds
  3 quokkas (D:2)
  11 bats
  6 giant newts
  5 rats
83 creatures vanquished.

Notes
Turn   | Place    | Note
--------------------------------------------------------------
     0 | Abyss:1  | Gargoyl the Demonspawn Abyssal Knight began the quest for the Orb.
     0 | Abyss:1  | Reached XP level 1. HP: 18/18 MP: 2/2
    47 | Abyss:1  | Noticed a starcursed mass
   120 | Abyss:2  | Noticed a large abomination
   174 | Abyss:2  | Noticed a worldbinder
   175 | Abyss:2  | Noticed a tentacled starspawn
   176 | Abyss:2  | Noticed a vampire mosquito
   177 | Abyss:2  | Noticed a swamp drake
   177 | Abyss:2  | Noticed a swamp drake
   179 | D:1      | Escaped the Abyss
   365 | D:1      | Reached * piety under Lugonu
   365 | D:1      | Gained mutation: You are partially covered in sharp spines. [demonic ancestry]
   365 | D:1      | Reached XP level 2. HP: 24/24 MP: 3/3
   686 | D:2      | Gained mutation: You regenerate a little health from kills. [demonic ancestry]
   686 | D:2      | Reached XP level 3. HP: 25/29 MP: 5/5
   825 | D:2      | Reached ** piety under Lugonu
   855 | D:2      | Found a shattered altar of Ashenzari.
   890 | D:2      | Reached XP level 4. HP: 37/37 MP: 6/6
   907 | D:2      | Reached skill level 1 in Dodging
   984 | D:2      | Reached skill level 4 in Fighting
  1300 | D:3      | Gained mutation: You have large cloven feet. [demonic ancestry]
  1300 | D:3      | Reached XP level 5. HP: 39/42 MP: 7/7
  1425 | D:3      | Reached *** piety under Lugonu
  1815 | D:4      | HP: 2/42 [gnoll/enchanted spear (4)]
  1827 | D:4      | Slain by a gnoll

Skill      XL: |  1  2  3  4 |
---------------+-------------+-----
Armour         | 2 3 |  3.9
Dodging        | 1 |  1.5
Fighting       | 4 |  4.2
Invocations    | 3 |  3.6
Axes           | 2 |  2.4

Action                   |  1- 3 |  4- 6 || total
-------------------------+-------+-------++-------
Melee: Hand axe          |    38 |    53 ||    91
       Kick              |       |     6 ||     6
Invok: Depart the Abyss  |     1 |       ||     1
       Bend Space        |       |     1 ||     1
  Use: Scroll            |     1 |     5 ||     6
       Potion            |       |     3 ||     3
  Eat: Chunk             |       |     3 ||     3
Armor: Scale mail        |    28 |    30 ||    58
Dodge: Dodged            |    18 |    34 ||    52
